AoeStats
← Big哥

Arena

510219443Analyzed
4v4 RM · 3d ago on Sep 30, 2026· 51m 50s· 8 players
Game mode
Random Map
Map size
Large (8 player)
Population
200
Speed
Normal
Resources
Standard
Victory
Conquest
Starting age
Dark Age
Ending age
Imperial Age
RankedLock teamsTeams togetherTeam positionsShared explorationLock speedFull tech treeHidden civsTurbo modeCheats
Victory
Defeat
1115
+13
🇧🇷 Tatars · Brazil
1090
+14
🇨🇳 Saracens · China
1089
+14
🇹🇼 Franks · Taiwan
1080
+14
🇮🇱 Hindustanis · Israel
1098
-16
1078
-15
🇺🇸 Cumans · United States
1050
-14
🇨🇴 Persians · Colombia
952
-10
era_vulgaris9
9:04 Feudal Age
11:20 Double-Bit Axe
12:20 Horse Collar
16:34 Wheelbarrow
17:18 Loom
21:28 Castle Age
21:18 Scale Barding Armor
21:24 Forging
21:26 Bloodlines
21:15 Gold Mining
22:46 Chain Barding Armor
21:51 Capped Ram
27:48 Iron Casting
27:22 Stone Mining
28:08 Gold Shaft Mining
28:52 Fletching
31:08 Bodkin Arrow
35:22 Imperial Age
35:19 Hand Cart
37:37 Plate Barding Armor
38:02 Blast Furnace
38:32 Light Cavalry
40:03 Hussar
41:10 Conscription
40:55 Steppe Husbandry
THE_LORD
9:56 Feudal Age
13:57 Wheelbarrow
17:50 Castle Age
16:23 Horse Collar
16:31 Double-Bit Axe
18:45 Bow Saw
18:38 Heavy Plow
22:20 Hand Cart
21:51 Loom
32:44 Imperial Age
30:15 Gold Mining
30:15 Stone Mining
30:35 Caravan
30:11 Pikeman
30:37 Gambesons
30:53 Squires
30:39 Arson
32:54 Husbandry
33:05 Bloodlines
32:32 Heavy Camel Rider
33:01 Elite War Elephant
34:09 Elite Skirmisher
34:57 Thumb Ring
35:34 Conscription
37:10 Two-Man Saw
36:42 Crop Rotation
35:51 Halberdier
41:10 Forging
40:50 Fletching
41:01 Scale Mail Armor
41:02 Padded Archer Armor
42:04 Citadels
41:57 Kamandaran
42:34 Hoardings
45:03 Iron Casting
44:50 Herbal Medicine
46:55 Crossbowman
48:20 Gold Shaft Mining
48:20 Stone Shaft Mining
48:24 Murder Holes
49:30 Chemistry
48:50 Ballistics
Spitfire
4:39 Loom
10:24 Feudal Age
15:28 Castle Age
13:22 Double-Bit Axe
14:06 Man-at-Arms
15:00 Scale Mail Armor
15:34 Horse Collar
18:05 Wheelbarrow
17:11 Long Swordsman
21:12 Arson
21:56 Forging
22:04 Chain Mail Armor
23:41 Forging
26:25 Bow Saw
29:14 Fletching
32:34 Imperial Age
31:06 Bodkin Arrow
31:42 Gold Mining
31:44 Stone Mining
32:39 Ballistics
33:48 Bracer
34:52 Chemistry
35:43 Heavy Cavalry Archer
37:02 Padded Archer Armor
37:36 Thumb Ring
38:39 Bloodlines
38:32 Light Cavalry
40:06 Husbandry
40:31 Town Watch
42:27 Scale Barding Armor
42:58 Iron Casting
42:10 Hussar
45:03 Chain Barding Armor
44:05 Elite Skirmisher
45:46 Blast Furnace
47:05 Plate Barding Armor
47:01 Shatagni
48:32 Fortified Wall
§ El Rick más Rick §
7:18 Loom
10:17 Feudal Age
10:47 Horse Collar
10:53 Double-Bit Axe
12:15 Wheelbarrow
17:46 Castle Age
17:28 Stone Mining
17:58 Gold Mining
19:00 Heavy Plow
21:49 Bow Saw
25:21 Fervor
26:03 Hand Cart
29:24 Gold Shaft Mining
29:24 Stone Shaft Mining
32:33 Imperial Age
30:26 Forging
30:21 Scale Barding Armor
32:39 Elite Cataphract
33:39 Conscription
34:09 Iron Casting
33:57 Chain Barding Armor
34:47 Chemistry
34:08 Ballistics
34:48 Hoardings
34:56 Crop Rotation
34:37 Husbandry
35:25 Fletching
35:35 Padded Archer Armor
36:00 Bombard Tower
36:02 Treadmill Crane
37:11 Bodkin Arrow
37:31 Leather Archer Armor
36:39 Elite Skirmisher
38:17 Fortified Wall
37:54 Heavy Camel Rider
39:17 Plate Barding Armor
38:43 Bracer
39:15 Ring Archer Armor
39:20 Squires
39:21 Guard Tower
39:30 Murder Holes
44:20 Arrowslits
45:12 Keep
[EtNb] Acerero4ever
11:37 Feudal Age
15:28 Castle Age
13:49 Horse Collar
14:05 Double-Bit Axe
17:06 Wheelbarrow
16:55 Forging
22:02 Iron Casting
26:01 Scale Barding Armor
31:23 Imperial Age
31:42 Heavy Scorpion
33:33 Fletching
34:44 Blast Furnace
36:21 Elite Konnik
41:17 Bodkin Arrow
41:23 Padded Archer Armor
corv0o0
11:22 Feudal Age
15:21 Castle Age
13:25 Double-Bit Axe
13:22 Horse Collar
17:30 Wheelbarrow
19:24 Bow Saw
21:53 Loom
23:22 Heavy Plow
25:18 Gold Mining
25:42 Fletching
26:30 Hand Cart
31:22 Imperial Age
29:29 Ballistics
29:37 Bodkin Arrow
30:05 Padded Archer Armor
29:50 Treadmill Crane
31:26 Leather Archer Armor
32:16 Bracer
35:13 Ring Archer Armor
34:30 Heavy Cavalry Archer
35:57 Pikeman
36:37 Squires
36:39 Scale Mail Armor
36:49 Forging
36:46 Scale Barding Armor
38:20 Chemistry
38:02 Bloodlines
37:56 Husbandry
38:03 Cavalier
38:21 Halberdier
38:46 Arson
40:04 Chain Barding Armor
40:20 Iron Casting
42:06 Plate Barding Armor
50:36 Conscription
ZZZ1
9:43 Feudal Age
13:30 Castle Age
11:46 Double-Bit Axe
22:32 Wheelbarrow
22:15 Bow Saw
24:10 Loom
28:57 Imperial Age
26:58 Scale Barding Armor
27:03 Forging
28:23 Chain Barding Armor
28:07 Husbandry
28:27 Hand Cart
27:58 Town Watch
28:29 Gold Mining
29:19 Iron Casting
29:11 Ballistics
29:05 Cavalier
30:22 Plate Barding Armor
30:48 Blast Furnace
29:28 Light Cavalry
29:32 Pikeman
30:13 Squires
31:23 Chemistry
30:26 Paladin
31:41 Fletching
31:52 Scale Mail Armor
32:31 Bodkin Arrow
32:52 Chain Mail Armor
33:52 Halberdier
36:22 Elite Skirmisher
40:14 Plate Mail Armor
39:56 Siege Engineers
39:48 Murder Holes
40:04 Fortified Wall
40:44 Chivalry
41:04 Conscription
41:27 Herbal Medicine
49:27 Devotion
49:49 Heresy
Big哥
11:08 Feudal Age
18:08 Castle Age
23:19 Stone Mining
25:17 Double-Bit Axe
25:42 Loom
30:38 Forging
30:35 Scale Barding Armor
33:36 Gold Mining
34:54 Bow Saw
34:26 Horse Collar
36:44 Wheelbarrow
37:28 Iron Casting
37:14 Chain Barding Armor
37:21 Heavy Plow
38:38 Bloodlines
38:31 Husbandry
42:31 Imperial Age
40:04 Caravan
41:00 Gold Shaft Mining
42:36 Hand Cart
42:44 Elite Mameluke
43:50 Conscription
42:53 Elite Mameluke
43:54 Conscription
43:46 Counterweights
46:36 Blast Furnace
46:12 Plate Barding Armor
46:27 Fervor
48:54 Chemistry
Connection lost

Rejoining the realm…

Still unreachable

The connection could not be restored.

Session expired

The server has moved on; the page needs a fresh start.